[Event "Titled Tuesday Blitz May 16 Late 2023"]
[White "Matinian, Nikita"]
[Black "Bogaudinov, Rushan"]
[WhiteFideId "24129100"]
[BlackFideId "4129288"]
[WhiteElo "2422"]
[BlackElo "1941"]
[Result "1-0"]
[Round "10"]
[TimeControl "180+2"]
[Date "2023.05.16"]
[WhiteClock "0:00:15"]
[BlackClock "0:00:14"]

1. Nf3 d5 2. g3 Nf6 3. Bg2 g6 4. O-O Bg7 5. d3 O-O 6. Nc3 Nc6 7. e4 Bg4 8. h3 dxe4 9. hxg4 exf3 10. Bxf3 e6 11. g5 Nd5 12. Nxd5 exd5 13. c3 Ne5 14. Bg2 c6 15. d4 Nc4 16. b3 Nd6 17. Bf4 Re8 18. Re1 Qd7 19. Bf3 Ne4 20. Bxe4 Rxe4 21. Rxe4 dxe4 22. Be3 Re8 23. Kg2 Qf5 24. a4 Rd8 25. Qe2 Bf8 26. b4 Be7 27. g4 Qe6 28. b5 Rc8 29. Rb1 c5 30. dxc5 Bxc5 31. Bf4 Be7 32. Re1 Rc4 33. Rd1 Rxa4 34. Kh3 Ra3 35. Qe3 a5 36. bxa6 Rxa6 37. Rd4 Ra1 38. Rxe4 Qd5 39. Rxe7 Qh1+ 40. Bh2 Qf1+ 41. Kg3 Ra8 42. Re8+ Rxe8 43. Qxe8+ Kg7 44. Qe5+ Kg8 45. Qe4 Qb5 46. Qd4 Qe2 47. f3 Qe1+ 48. Kg2 Qe2+ 49. Qf2 Qd3 50. Qb2 Qd5 51. Bg1 Qxg5 52. Bd4 h5 53. Qxb7 Qd2+ 54. Kg3 h4+ 55. Kh3 g5 56. Qc8+ Kh7 57. Qf5+ Kg8 58. Qf6 Kf8 59. Qh8+ Ke7 60. Qf6+ Ke8 61. Bc5 Qd7 62. Qe5+ Qe6 63. Qxe6+ fxe6 64. Be3 Kf7 65. Bxg5 Kg6 66. Bxh4 e5 67. Bf2 Kf6 68. Kg3 Kg5 69. Be3+ Kf6 70. f4 Ke6 71. fxe5 Kxe5 72. Bd4+ Kd5 73. Kh4 Ke6 74. Kg5 Kf7 75. Kf5 Kg8 76. g5 Kf7 77. g6+ Kg8 78. Kf6 Kf8 79. g7+ Kg8 80. Bc5 Kh7 81. Kf7 Kh6 82. g8=Q Kh5 83. Qg3 1-0


[Site "https://www.chess.com"]

[Event "Titled Tuesday Blitz May 16 Late 2023"]
[White "Ansh M Shah"]
[Black "Gritsenko, Nikolai"]
[WhiteFideId "25033379"]
[BlackFideId "14112493"]
[WhiteElo "2084"]
[BlackElo "2389"]
[Result "0-1"]
[Round "10"]
[TimeControl "180+2"]
[Date "2023.05.16"]
[WhiteClock "0:01:59"]
[BlackClock "0:00:48"]

1. d4 d5 2. c4 Nc6 3. Nf3 Bg4 4. e3 e5 5. dxe5 dxc4 6. Be2 Qxd1+ 7. Bxd1 Bb4+ 8. Bd2 O-O-O 9. a3 Bxf3 10. Bxf3 Bxd2+ 11. Nxd2 Nxe5 12. O-O-O Nd3+ 13. Kc2 Nxf2 14. Nxc4 Nxd1 15. Rxd1 Rxd1 16. Bxd1 f6 17. Bg4+ Kb8 18. e4 Ne7 19. e5 f5 20. Bf3 Rf8 21. Na5 c6 22. Nc4 Ng6 23. Kd3 Kc7 24. Kd4 Rd8+ 25. Kc3 b5 26. Nd6 Nxe5 27. Nxf5 Nxf3 28. gxf3 g6 29. Nd4 Kd6 30. b4 Rf8 31. Kd3 Rf4 32. Ke3 Rh4 33. Ne2 Rxh2 34. Nc3 Rh4 35. Ne4+ Rxe4+ 36. Kxe4 Ke6 37. Kf4 h6 38. Kg4 Ke5 39. Kg3 c5 40. bxc5 a5 41. f4+ Kd5 42. Kf3 b4 43. axb4 axb4 44. Ke3 h5 45. Kd3 Kxc5 46. f5 gxf5 0-1


[Site "https://www.chess.com"]

[Event "Titled Tuesday Blitz May 16 Late 2023"]
[White "Timmermans, Mark"]
[Black "Mickiewicz, Piotr"]
[WhiteFideId "1026399"]
[BlackFideId "1114891"]
[WhiteElo "2460"]
[BlackElo "2246"]
[Result "1-0"]
[Round "10"]
[TimeControl "180+2"]
[Date "2023.05.16"]
[WhiteClock "0:00:29"]
[BlackClock "0:00:23"]

1. e4 c5 2. Ne2 e6 3. d4 cxd4 4. Nxd4 Nf6 5. Nc3 d6 6. g4 a6 7. g5 Nfd7 8. h4 b5 9. Bg2 b4 10. Nce2 Nc5 11. Ng3 Nbd7 12. f4 Bb7 13. Be3 Qc7 14. O-O g6 15. f5 e5 16. fxg6 hxg6 17. Qf3 Nb6 18. Nb3 Rxh4 19. Nxc5 dxc5 20. Rad1 Nc4 21. Bc1 Nd6 22. Qf6 Qe7 23. Rxd6 Qxd6 24. Qxf7+ Kd8 25. Qxb7 Rc8 26. Bf3 Be7 27. Rd1 Qxd1+ 28. Bxd1 c4 29. Qd5+ Ke8 30. Qxe5 c3 31. bxc3 Rxc3 32. Bd2 Rxg3+ 33. Qxg3 1-0


[Site "https://www.chess.com"]

[Event "Titled Tuesday Blitz May 16 Late 2023"]
[White "Geivondian, Arman"]
[Black "Harshavardhan G B"]
[WhiteFideId "24102032"]
[BlackFideId "25059009"]
[WhiteElo "2278"]
[BlackElo "2323"]
[Result "1-0"]
[Round "10"]
[TimeControl "180+2"]
[Date "2023.05.16"]
[WhiteClock "0:01:12"]
[BlackClock "0:00:09"]

1. e4 e5 2. Nf3 Nc6 3. Nc3 Nf6 4. h3 g6 5. d4 exd4 6. Nxd4 Bg7 7. Be3 O-O 8. Bc4 d6 9. O-O Qe7 10. Bg5 h6 11. Bxf6 Qxf6 12. Ndb5 Qd8 13. Nd5 Ne5 14. Nbxc7 Nxc4 15. Nxa8 Nxb2 16. Qe2 Bxh3 17. gxh3 Qxa8 18. Rab1 b6 19. Qb5 Qe8 20. Rxb2 Qxe4 21. Rb3 Kh7 22. Qd3 Qh4 23. Qg3 Qc4 24. Ne3 Qe6 25. Rd1 Rd8 26. Rbd3 Be5 27. Qf3 f5 28. Qd5 Qf6 29. Nc4 Bf4 30. Qf3 Qg5+ 31. Qg2 Qe7 32. Ne3 Be5 33. Nd5 Qf7 34. Re3 f4 35. Re4 Rc8 36. Rd2 Rc5 37. Nb4 Bc3 38. Rde2 f3 39. Re7 Rf5 40. Rxf7+ Rxf7 41. Qg4 fxe2 42. Qxe2 Bxb4 43. Qc4 Rf3 44. Qxb4 Rxh3 45. Qxd6 Rf3 46. Qc7+ Kg8 47. Qxa7 Rf6 48. Qe7 Rf7 49. Qe6 Kg7 50. Qxb6 h5 51. a4 g5 52. a5 h4 53. a6 g4 54. a7 Rf8 55. Qd4+ Kh6 56. Qxg4 Ra8 57. Qe6+ Kh5 58. Qd5+ Kg4 59. Qxa8 Kh3 60. Qg2# 1-0


[Site "https://www.chess.com"]

[Event "Titled Tuesday Blitz May 16 Late 2023"]
[White "ElDivis"]
[Black "Mirzoev, Azer"]
[BlackFideId "13400304"]
[WhiteElo "2504"]
[BlackElo "2525"]
[Result "1-0"]
[Round "10"]
[TimeControl "180+2"]
[Date "2023.05.16"]
[WhiteClock "0:00:30"]
[BlackClock "0:00:00"]

1. e4 c5 2. Nc3 e6 3. Nf3 a6 4. g3 b5 5. Bg2 Bb7 6. d4 cxd4 7. Nxd4 b4 8. Na4 Nf6 9. O-O Bxe4 10. Bxe4 Nxe4 11. Re1 d5 12. Nxe6 fxe6 13. Qh5+ g6 14. Qe5 Qf6 15. Rxe4 Qxe5 16. Rxe5 Kf7 17. Bd2 Nc6 18. Re3 Bd6 19. Rf3+ Ke7 20. c3 a5 21. Re1 Rab8 22. Bg5+ Kd7 23. Rf7+ Ne7 24. Rg7 Rhe8 25. Rxh7 e5 26. Rg7 Kc6 27. cxb4 axb4 28. Rc1+ Kb5 29. b3 Nf5 30. Rxg6 Rbc8 31. Rxc8 Rxc8 32. g4 Nd4 33. Rxd6 Nf3+ 34. Kg2 Nxg5 35. Rxd5+ 1-0


[Site "https://www.chess.com"]

[Event "Titled Tuesday Blitz May 16 Late 2023"]
[White "Chen, Ryo"]
[Black "Molenda, Marcin"]
[WhiteFideId "7003072"]
[BlackFideId "1173065"]
[WhiteElo "2169"]
[BlackElo "2286"]
[Result "1-0"]
[Round "10"]
[TimeControl "180+2"]
[Date "2023.05.16"]
[WhiteClock "0:00:07"]
[BlackClock "0:00:34"]

1. e4 c5 2. Nf3 e6 3. d4 cxd4 4. Nxd4 a6 5. Nc3 Qc7 6. Be2 Nf6 7. O-O d6 8. Be3 Nbd7 9. f4 Be7 10. a4 O-O 11. Bf3 Rb8 12. Kh1 b6 13. g4 Bb7 14. g5 Ne8 15. Qe2 Nc5 16. f5 e5 17. Nb3 Nxb3 18. cxb3 d5 19. Nxd5 Bxd5 20. exd5 Bd6 21. Rac1 Qb7 22. f6 g6 23. Qg2 e4 24. Bxe4 Be5 25. Bf4 Bxf4 26. Rxf4 Nd6 27. Bf3 Rfe8 28. Qh3 h5 29. gxh6 Kh7 30. Qg2 Re5 31. Rg1 Rbe8 32. Rg4 Re1 33. Qf2 Rxg1+ 34. Rxg1 Qc7 35. h4 Re5 36. h5 Nf5 37. hxg6+ fxg6 38. Bg4 Qd6 39. Qg2 Qxf6 40. Qh3 Re3 41. Qh2 Rxb3 42. d6 Qd4 43. Bxf5 Qd5+ 44. Qg2 Qxf5 45. Qb7+ Kxh6 46. Rg2 Qf1+ 47. Kh2 Qf4+ 48. Kg1 Rf3 49. Rh2+ Kg5 50. Qe7+ Qf6 51. Qxf6+ Kxf6 52. Rd2 1-0


[Site "https://www.chess.com"]

[Event "Titled Tuesday Blitz May 16 Late 2023"]
[White "TimGrutter03"]
[Black "Tomaszewski, Kacper"]
[BlackFideId "1127373"]
[WhiteElo "2634"]
[BlackElo "2211"]
[Result "1-0"]
[Round "10"]
[TimeControl "180+2"]
[Date "2023.05.16"]
[WhiteClock "0:00:02"]
[BlackClock "0:00:00"]

1. e4 d6 2. d4 Nf6 3. Nc3 e5 4. Nf3 Nbd7 5. g4 Nxg4 6. Rg1 Ngf6 7. Bg5 Be7 8. Qd2 h6 9. Be3 g5 10. O-O-O Kf8 11. h4 g4 12. Bxh6+ Ke8 13. Nh2 exd4 14. Nd5 Nxe4 15. Qf4 Ndc5 16. b4 Ne6 17. Qxe4 Rxh6 18. Nxg4 Rxh4 19. Ngf6+ Bxf6 20. Rg8+ Kd7 21. Rxd8+ Bxd8 22. Qf5 Ke8 23. Nf6+ Kf8 24. Bc4 Rf4 25. Nh7+ Ke8 26. Qd3 Rh4 27. Rg1 Kd7 28. Rg8 c6 29. Bxe6+ fxe6 30. Nf8+ Kc7 31. Qg6 e5 32. Kb1 Kb6 33. Ne6 Bxe6 34. Qxe6 Rh1+ 35. Kb2 d3 36. cxd3 e4 37. d4 d5 38. Qd7 1-0


[Site "https://www.chess.com"]

[Event "Titled Tuesday Blitz May 16 Late 2023"]
[White "cryptoguru02"]
[Black "Liu, Casper"]
[BlackFideId "1454153"]
[WhiteElo "2619"]
[BlackElo "2221"]
[Result "0-1"]
[Round "10"]
[TimeControl "180+2"]
[Date "2023.05.16"]
[WhiteClock "0:00:01"]
[BlackClock "0:00:10"]

1. d4 Nf6 2. c4 g6 3. Nc3 d5 4. Bf4 Bg7 5. e3 c6 6. Rc1 O-O 7. Nf3 Be6 8. Qb3 Qc8 9. Be2 Nbd7 10. O-O Nb6 11. c5 Nbd7 12. h3 Ne4 13. Bd3 Ndf6 14. Be5 h6 15. Qc2 g5 16. a4 Kh8 17. Nxe4 dxe4 18. Bxe4 Nxe4 19. Bxg7+ Kxg7 20. Qxe4 Bd5 21. Qe5+ Kg6 22. Qg3 f6 23. Nd2 Kh7 24. e4 Bf7 25. b4 Qd7 26. Qe3 Rad8 27. Nf3 Rg8 28. Rfd1 g4 29. hxg4 Qxg4 30. Ne1 Be6 31. d5 Bc8 32. d6 exd6 33. cxd6 Rg5 34. b5 Rdg8 35. f3 Qh3 36. Rc2 Rh5 37. Kf1 Qh1+ 38. Ke2 Be6 39. d7 Rxg2+ 40. Nxg2 Qxg2+ 41. Kd3 Qg8 42. Kc3 Qd8 43. Rcd2 cxb5 44. axb5 Rxb5 45. Rd6 Qa5+ 46. Kd3 Rb3+ 47. Ke2 Bc4+ 48. Kf2 Rxe3 49. d8=Q Re2+ 50. Kf1 Rd2+ 51. Ke1 Re2+ 52. Kf1 Rxe4+ 53. Kg2 Re2+ 54. Kf1 Re8+ 55. Kg2 Qg5+ 56. Kf2 Re2+ 57. Kf1 Qg2# 0-1


[Site "https://www.chess.com"]

[Event "Titled Tuesday Blitz May 16 Late 2023"]
[White "Saveliev, Alexei"]
[Black "Shapiro, Viktor"]
[WhiteFideId "24128546"]
[BlackFideId "4175700"]
[WhiteElo "2271"]
[BlackElo "2152"]
[Result "1-0"]
[Round "10"]
[TimeControl "180+2"]
[Date "2023.05.16"]
[WhiteClock "0:00:04"]
[BlackClock "0:00:01"]

1. c4 Nf6 2. Nc3 c5 3. g3 Nc6 4. Bg2 g6 5. h4 Bg7 6. Nf3 d6 7. d3 h5 8. Bg5 a6 9. Rb1 Rb8 10. Nd2 Bd7 11. O-O b5 12. Nd5 Nxd5 13. cxd5 Ne5 14. Ne4 Bf5 15. Rc1 O-O 16. Qd2 Rc8 17. Bh6 Ng4 18. Bxg7 Kxg7 19. Ng5 f6 20. Nh3 e5 21. dxe6 Bxe6 22. Nf4 Bf7 23. d4 c4 24. e4 Re8 25. Rfe1 Qb6 26. f3 Nh6 27. Kh2 b4 28. Bf1 Rc7 29. d5 Rec8 30. Re3 a5 31. Bh3 Re8 32. Be6 Ree7 33. Bxf7 Kxf7 34. Ne6 Rc8 35. Ree1 Ng8 36. Rc2 Rb7 37. Rec1 Qb5 38. Kg2 a4 39. Qf4 b3 40. axb3 axb3 41. Rc3 Qa6 42. Ng5+ Kg7 43. Ne6+ Kf7 44. Qe3 Rb4 45. Qd2 Qb7 46. Nd4 Rc5 47. Ne6 Rc8 48. Qd4 Ra4 49. Rxc4 Raxc4 50. Rxc4 Rxc4 51. Qxc4 Ne7 52. Nd8+ 1-0


[Site "https://www.chess.com"]

[Event "Titled Tuesday Blitz May 16 Late 2023"]
[White "Womacka, Mathias"]
[Black "Melikyan, Gnel"]
[WhiteFideId "4611390"]
[BlackFideId "54109990"]
[WhiteElo "2377"]
[BlackElo "2138"]
[Result "0-1"]
[Round "10"]
[TimeControl "180+2"]
[Date "2023.05.16"]
[WhiteClock "0:01:04"]
[BlackClock "0:01:52"]

1. e4 g5 2. d4 h6 3. h4 gxh4 4. Nf3 d6 5. Nxh4 Nc6 6. c3 Bg7 7. Bc4 Nf6 8. Nd2 e5 9. dxe5 Nxe5 10. Be2 Bd7 11. Nf5 Bxf5 12. exf5 Qd7 13. g4 O-O-O 14. Nc4 Nxc4 15. Bxc4 Qc6 16. Rh3 Qxc4 17. Be3 Qxg4 0-1


[Site "https://www.chess.com"]

[Event "Titled Tuesday Blitz May 16 Late 2023"]
[White "liwadas82"]
[Black "Moore, Nicholas"]
[BlackFideId "4303709"]
[WhiteElo "2457"]
[BlackElo "2574"]
[Result "0-1"]
[Round "10"]
[TimeControl "180+2"]
[Date "2023.05.16"]
[WhiteClock "0:00:19"]
[BlackClock "0:00:27"]

1. e4 c5 2. Nf3 e6 3. d4 cxd4 4. Nxd4 Nc6 5. Nc3 Qc7 6. Be2 a6 7. Be3 Nf6 8. a3 b5 9. Nxc6 dxc6 10. f4 e5 11. O-O Bd6 12. f5 Qe7 13. b4 a5 14. bxa5 Rxa5 15. Qd2 Rxa3 16. Rxa3 Bxa3 17. Bf3 Bc5 18. Rd1 O-O 19. Kh1 Bxe3 20. Qxe3 Nd7 21. g4 Qc5 22. Qxc5 Nxc5 23. Rd6 Bb7 24. Kg2 f6 25. h4 h6 26. Nd1 Kf7 27. Ne3 Ke7 28. Rd1 Rd8 29. Rxd8 Kxd8 30. g5 hxg5 31. hxg5 Ke7 32. gxf6+ gxf6 33. Kf2 Na4 34. Ke2 c5 35. Kd2 Nb6 36. c3 Nc8 37. c4 b4 38. Nd5+ Bxd5 39. exd5 Nd6 40. Be2 Nxf5 41. Kc2 Nd4+ 42. Kd2 Nxe2 43. Kxe2 Kd6 44. Kd3 f5 45. Ke3 e4 46. Kd2 Ke5 47. Ke3 f4+ 48. Kd2 f3 49. Ke3 Kd6 50. Kd2 b3 0-1


[Site "https://www.chess.com"]

[Event "Titled Tuesday Blitz May 16 Late 2023"]
[White "Abduzhaparov"]
[Black "AyMitecK"]
[WhiteElo "2421"]
[BlackElo "2561"]
[Result "0-1"]
[Round "10"]
[TimeControl "180+2"]
[Date "2023.05.16"]
[WhiteClock "0:00:00"]
[BlackClock "0:02:31"]

1. Nf3 e6 2. c4 Nf6 3. g3 d5 4. Bg2 Be7 5. d4 O-O 6. Qc2 dxc4 7. Nbd2 c5 8. dxc5 Nc6 9. Qxc4 Qa5 10. O-O Qxc5 11. Qxc5 Bxc5 12. a3 a5 13. Nb3 Bb6 14. Bf4 Nd5 15. Ne5 Nxf4 16. gxf4 a4 17. Nc1 Nxe5 18. fxe5 Bd4 19. Nd3 Bd7 20. Rac1 Bb5 21. Bxb7 Rab8 22. Bc6 Bxd3 23. exd3 Bxb2 24. Rc2 Bxe5 25. Bxa4 Ra8 26. Rc4 Rfd8 27. Rfc1 Bb2 28. R1c2 Bxa3 29. Bc6 Rab8 30. Bf3 Rxd3 31. Rc8+ Rd8 32. Rxd8+ Rxd8 33. Ra2 Be7 34. Ra8 Bf6 35. Rxd8+ Bxd8 36. Be4 g6 37. Kg2 Kg7 38. Bc2 h5 39. h3 Kf6 40. Kf3 Bb6 41. Ba4 Kg5 42. Be8 f6 43. Bf7 Kf5 44. Be8 h4 45. Bd7 Bc5 46. Bc8 Bd6 47. Bd7 g5 48. Bc8 Bc5 49. Bd7 Ke5 50. Bc8 f5 51. Bd7 Kf6 52. Bc8 Bb6 53. Bd7 e5 54. Bc8 e4+ 55. Ke2 Ke5 56. Bd7 Kf4 57. Bc8 g4 58. hxg4 fxg4 59. Kf1 Kf3 60. Ba6 Bxf2 61. Be2+ Kg3 62. Bb5 Bc5 63. Bc6 Kf3 64. Bb7 h3 65. Ba6 g3 66. Be2+ Ke3 0-1


[Site "https://www.chess.com"]

[Event "Titled Tuesday Blitz May 16 Late 2023"]
[White "QuiesPrecatio"]
[Black "Potapova, Margarita"]
[BlackFideId "14126869"]
[WhiteElo "2421"]
[BlackElo "2244"]
[Result "1-0"]
[Round "10"]
[TimeControl "180+2"]
[Date "2023.05.16"]
[WhiteClock "0:00:13"]
[BlackClock "0:00:14"]

1. e4 c5 2. Nf3 d6 3. Bb5+ Nd7 4. d4 cxd4 5. Qxd4 a6 6. Bc4 e5 7. Qd5 Qe7 8. Bg5 Ngf6 9. Bxf6 Nxf6 10. Qd3 Be6 11. Nfd2 Qc7 12. Nc3 Be7 13. O-O O-O 14. Rfd1 b5 15. Bb3 Rac8 16. Rac1 Rfd8 17. Nd5 Bxd5 18. exd5 Nd7 19. c4 b4 20. Qh3 Nc5 21. Bc2 g6 22. b3 f5 23. g4 f4 24. Ne4 Nxe4 25. Bxe4 Qc5 26. Qd3 Rf8 27. Re1 Rf7 28. Kg2 Bd8 29. f3 Bb6 30. Re2 a5 31. h4 a4 32. g5 Ra8 33. Rh1 axb3 34. axb3 Qd4 35. Qxd4 Bxd4 36. h5 gxh5 37. Rxh5 Ra3 38. Bc2 Rg7 39. Kh3 Ra1 40. Rg2 h6 41. g6 Rf1 42. Kg4 Bf2 43. Rxh6 Bg3 44. Bf5 Kf8 45. Ra2 Rg1 46. Rh8+ Rg8 47. Ra8+ 1-0


[Site "https://www.chess.com"]

[Event "Titled Tuesday Blitz May 16 Late 2023"]
[White "Bruedigam, Martin"]
[Black "Rodriguez Santiago, Jaime"]
[WhiteFideId "24608033"]
[BlackFideId "3100898"]
[WhiteElo "2331"]
[BlackElo "2025"]
[Result "1-0"]
[Round "10"]
[TimeControl "180+2"]
[Date "2023.05.16"]
[WhiteClock "0:00:15"]
[BlackClock "0:00:00"]

1. d4 Nf6 2. c4 e6 3. Nc3 Bb4 4. Qc2 O-O 5. Nf3 d5 6. e3 c5 7. dxc5 dxc4 8. Bxc4 Bxc5 9. O-O b6 10. Rd1 Qe7 11. a3 a5 12. Na4 Bb7 13. Nxc5 Qxc5 14. Bd3 Qxc2 15. Bxc2 Nc6 16. Bd2 Rfd8 17. Rac1 Rac8 18. Be1 Kf8 19. Rxd8+ Nxd8 20. Bd2 Ne4 21. Bxe4 Rxc1+ 22. Bxc1 Bxe4 23. Nd2 Bc6 24. e4 b5 25. f3 e5 26. Nb3 a4 27. Nc5 Ke7 28. Bd2 Be8 29. Kf2 Nc6 30. Bb4 Nxb4 31. axb4 f6 32. Ke3 Bf7 33. g3 Kd6 34. h4 Kc6 35. f4 Kd6 36. g4 Bg8 37. g5 Bf7 38. Nd3 exf4+ 39. Kxf4 fxg5+ 40. hxg5 Bc4 41. Nf2 Ke6 42. Ng4 Kf7 43. Ne3 Ke6 44. Nxc4 bxc4 45. Ke3 c3 46. Kd3 cxb2 47. Kc2 a3 48. b5 h5 49. b6 Kd6 50. e5+ Kc6 51. e6 Kxb6 52. e7 h4 53. e8=Q h3 54. Qe3+ Kc7 55. Qxh3 1-0


[Site "https://www.chess.com"]

[Event "Titled Tuesday Blitz May 16 Late 2023"]
[White "Guerra Tulcan, Lenin"]
[Black "Wieczorek, Zbigniew"]
[WhiteFideId "3601382"]
[BlackFideId "1102001"]
[WhiteElo "2368"]
[BlackElo "2326"]
[Result "1-0"]
[Round "10"]
[TimeControl "180+2"]
[Date "2023.05.16"]
[WhiteClock "0:01:22"]
[BlackClock "0:00:00"]

1. e4 g6 2. d4 Bg7 3. Nf3 c6 4. Nc3 d5 5. Be2 Bg4 6. e5 e6 7. O-O Nd7 8. h3 Bxf3 9. Bxf3 Ne7 10. b3 c5 11. Nb5 cxd4 12. Nd6+ Kf8 13. Nxb7 Qb6 14. Nd6 Nxe5 15. Nc4 Nxf3+ 16. Qxf3 Qc7 17. Ba3 Rd8 18. Nb2 Kg8 19. Nd3 Nc6 20. Rad1 e5 21. Qg3 f5 22. Bb2 f4 23. Qg5 Kf7 24. Rfe1 h6 25. Qg4 Rhe8 26. h4 Bf6 27. h5 g5 28. Qf5 Qd7 29. Qg6+ Kf8 30. Qxh6+ Bg7 31. Qxg5 Qe7 32. Qg6 Qf6 33. Qh7 Qh6 34. Ba3+ 1-0


[Site "https://www.chess.com"]

[Event "Titled Tuesday Blitz May 16 Late 2023"]
[White "Safin, Robert"]
[Black "Rodriguez Polo, Mateo"]
[WhiteFideId "34189120"]
[BlackFideId "24509396"]
[WhiteElo "2295"]
[BlackElo "2117"]
[Result "1-0"]
[Round "10"]
[TimeControl "180+2"]
[Date "2023.05.16"]
[WhiteClock "0:01:09"]
[BlackClock "0:01:36"]

1. e4 e5 2. Nf3 Nc6 3. Bb5 a6 4. Bxc6 dxc6 5. d4 exd4 6. Qxd4 Qxd4 7. Nxd4 Bd6 8. f3 Ne7 9. Nc3 O-O 10. g4 Bd7 11. h4 c5 12. Nf5 g6 13. Nxd6 cxd6 14. Bh6 Rfe8 15. O-O-O Bc6 16. Rxd6 f5 17. gxf5 gxf5 18. Rg1+ Kh8 19. Bg7+ Kg8 20. Bf6+ Kf7 21. Rg7+ Kf8 22. Rxh7 fxe4 23. Nxe4 Bxe4 24. fxe4 Rac8 25. Bxe7+ Kg8 26. Rdh6 Rc7 27. Rh8+ Kf7 28. R6h7+ Kg6 29. Rxe8 Kxh7 30. e5 Kg6 31. Bd6 Rh7 32. e6 1-0


[Site "https://www.chess.com"]

[Event "Titled Tuesday Blitz May 16 Late 2023"]
[White "Djordjevic, Dejan N"]
[Black "WindWhistler11"]
[WhiteFideId "913316"]
[WhiteElo "2261"]
[BlackElo "2524"]
[Result "0-1"]
[Round "10"]
[TimeControl "180+2"]
[Date "2023.05.16"]
[WhiteClock "0:00:00"]
[BlackClock "0:00:06"]

1. e4 e6 2. d3 d5 3. Nd2 Nf6 4. Ngf3 c5 5. c3 Nc6 6. g3 g6 7. Bg2 Bg7 8. O-O O-O 9. Qe2 b6 10. Re1 a5 11. Nf1 Ba6 12. e5 Nd7 13. Bf4 b5 14. h4 b4 15. N1h2 a4 16. a3 bxc3 17. bxc3 Qa5 18. Qd2 Qb5 19. Bf1 Rfb8 20. Ra2 Qa5 21. Ng4 Rb3 22. Rc1 d4 23. cxd4 Qxd2 24. Nxd2 Nxd4 25. Nxb3 axb3 26. Rb2 h5 27. Nf6+ Nxf6 28. exf6 Bxf6 29. Rbb1 Bb7 30. Kh2 Rxa3 31. Rxc5 Ra2 32. Be3 Nf3+ 33. Kh3 Ng1+ 34. Kh2 Nf3+ 35. Kh3 b2 36. d4 Be4 37. Rxb2 Rxb2 38. Bg2 Ng1+ 39. Kh2 Nf3+ 40. Kh3 Ng1+ 41. Kh2 Bxg2 42. Kxg2 Ne2 43. d5 exd5 44. Rxd5 Nc3 45. Rd6 Ne4 46. Rc6 Kg7 47. Kf3 Nc3 48. Kg2 Nd1 49. Ba7 Rd2 50. Kf3 Bd4 51. Bxd4+ Rxd4 52. Ke2 Rd7 53. Rc1 Nb2 54. Rc3 Na4 55. Rc4 Nb6 56. Rc5 Nd5 57. f3 Re7+ 58. Kf2 Nb4 59. Kg2 Nd3 60. g4 Nxc5 0-1


[Site "https://www.chess.com"]

[Event "Titled Tuesday Blitz May 16 Late 2023"]
[White "Arabidze, Meri"]
[Black "Ismayil, Malak"]
[WhiteFideId "13604040"]
[BlackFideId "13412604"]
[WhiteElo "2405"]
[BlackElo "1868"]
[Result "1-0"]
[Round "10"]
[TimeControl "180+2"]
[Date "2023.05.16"]
[WhiteClock "0:00:26"]
[BlackClock "0:00:20"]

1. Nf3 Nf6 2. g3 d5 3. Bg2 e6 4. O-O Be7 5. b3 O-O 6. Bb2 c5 7. c4 Nc6 8. cxd5 exd5 9. d4 b6 10. Nc3 Re8 11. Rc1 Bb7 12. dxc5 bxc5 13. Na4 Ne4 14. Nd2 Qa5 15. Nxe4 dxe4 16. Bxe4 Rad8 17. Qe1 Qxe1 18. Rcxe1 Bg5 19. Nxc5 Ba8 20. Rd1 Rc8 21. e3 Be7 22. Na4 Bb4 23. Bg2 h5 24. h4 Ba5 25. Rd5 Bd8 26. Rxh5 Be7 27. Rf5 g6 28. Rf4 Bd6 29. Rc4 Na5 30. Rxc8 Rxc8 31. Bxa8 Rxa8 32. Rd1 Be7 33. Rd7 Kf8 34. Bd4 Nc6 35. Bc5 Bxc5 36. Nxc5 Rc8 37. Ne4 Ne5 38. Rxa7 Rc1+ 39. Kg2 Rc2 40. Ra5 Nd3 41. Rd5 Ne1+ 42. Kf1 Nf3 43. Ng5 Nd2+ 44. Kg2 Rxa2 45. Rd7 Nxb3 46. Rxf7+ Kg8 47. Rf4 Nc5 48. e4 Nd3 49. Rf6 Kg7 50. Rf7+ Kg8 51. Kf1 Ne5 52. Rf4 Nd3 53. Rf3 Ne5 54. Rc3 Ng4 55. Nh3 Kg7 56. Rc5 Nf6 57. e5 Ne4 58. Rc7+ Kf8 59. Kg1 Ra5 60. e6 Re5 61. Nf4 Ke8 62. Rc8+ Ke7 63. Nxg6+ Kxe6 64. Nxe5 Kxe5 65. Re8+ Kd4 66. Rxe4+ Kxe4 67. Kg2 Kf5 68. f3 1-0


[Site "https://www.chess.com"]

[Event "Titled Tuesday Blitz May 16 Late 2023"]
[White "Petrovic, Aleksa"]
[Black "Camilla_Lee"]
[WhiteFideId "967629"]
[WhiteElo "2309"]
[BlackElo "2605"]
[Result "0-1"]
[Round "10"]
[TimeControl "180+2"]
[Date "2023.05.16"]
[WhiteClock "0:00:37"]
[BlackClock "0:00:31"]

1. d4 Nf6 2. c4 g6 3. Nc3 d5 4. e3 Bg7 5. Qb3 c5 6. dxc5 e6 7. cxd5 exd5 8. Nf3 O-O 9. Be2 Na6 10. O-O Nxc5 11. Qb4 b6 12. Rd1 a5 13. Qa3 Bb7 14. Bd2 Re8 15. Be1 Bf8 16. b3 Nd3 17. Qa4 Nb2 18. Qd4 Nxd1 19. Rxd1 Bg7 20. Qf4 Qb8 21. Qxb8 Raxb8 22. Nb5 Ne4 23. Nfd4 h5 24. f3 Nc5 25. Bg3 Be5 26. Bf2 Rbd8 27. Na7 Bg7 28. Bb5 Rf8 29. Nac6 Bxc6 30. Nxc6 Rd6 31. Rxd5 Rxd5 32. Ne7+ Kh7 33. Nxd5 f5 34. Nxb6 Rb8 0-1


[Site "https://www.chess.com"]

[Event "Titled Tuesday Blitz May 16 Late 2023"]
[White "Fishbein, Alexander"]
[Black "Przybylski, Wojciech"]
[WhiteFideId "2000377"]
[BlackFideId "1117599"]
[WhiteElo "2415"]
[BlackElo "2222"]
[Result "0-1"]
[Round "10"]
[TimeControl "180+2"]
[Date "2023.05.16"]
[WhiteClock "0:00:04"]
[BlackClock "0:00:02"]

1. e4 e5 2. Nf3 Nc6 3. Bb5 Nf6 4. O-O Nxe4 5. d4 Nd6 6. Bxc6 dxc6 7. dxe5 Nf5 8. Qe2 Nd4 9. Qe4 Nxf3+ 10. Qxf3 Qh4 11. Nc3 Be7 12. Ne4 Qg4 13. Qxg4 Bxg4 14. Ng3 f6 15. Bf4 O-O-O 16. h3 Bd7 17. Rfe1 fxe5 18. Bxe5 Bf8 19. Nh5 Rg8 20. Rad1 Bf5 21. Rxd8+ Kxd8 22. c3 Bg6 23. Nf4 Bf7 24. b3 Bd6 25. Re3 c5 26. c4 Kd7 27. Bxd6 cxd6 28. g4 a6 29. a4 b5 30. cxb5 axb5 31. axb5 Rb8 32. Ne2 Rxb5 33. Nc1 d5 34. Kf1 d4 35. Rg3 c4 36. bxc4 Rb1 37. Ke2 Rxc1 38. Kd3 Rxc4 39. Rf3 Be6 40. Rf4 Rc3+ 41. Kxd4 Rxh3 42. Ke5 Ra3 43. Rb4 Ra5+ 44. Kf4 Ke7 45. f3 h6 46. Kg3 Ra3 47. Rb7+ Kf6 48. Rb6 g5 49. Kf2 Ke5 50. Rb5+ Bd5 51. Rb6 Rxf3+ 52. Ke2 Rf6 53. Rb5 Re6 54. Kd2 Ra6 55. Rb8 Ra4 56. Rh8 Ra6 57. Ke3 Ra3+ 58. Kf2 Rh3 59. Rf8 Be6 60. Kg2 Rh4 61. Rb8 Rxg4+ 62. Kh2 Rf4 63. Rb5+ Bd5 64. Rb6 Rf6 65. Rb5 h5 66. Rb8 Be6 67. Kg3 Kf5 68. Rb5+ Kg6 69. Rc5 h4+ 70. Kg2 Bd7 71. Kh2 Bg4 72. Rc4 Kh5 73. Rd4 Rf2+ 74. Kg1 Ra2 75. Rd8 Bf5 76. Rd5 Kg4 77. Rd4+ Kf3 78. Kh1 Kg3 79. Rd1 Be4+ 80. Kg1 g4 81. Kf1 Bg2+ 82. Ke1 Bf3 83. Rd3 Rh2 84. Kf1 Rh1# 0-1


[Site "https://www.chess.com"]

[Event "Titled Tuesday Blitz May 16 Late 2023"]
[White "Sargsyan, Anna M."]
[Black "Lucas, Arthur"]
[WhiteFideId "13308130"]
[BlackFideId "26093073"]
[WhiteElo "2284"]
[BlackElo "2251"]
[Result "0-1"]
[Round "10"]
[TimeControl "180+2"]
[Date "2023.05.16"]
[WhiteClock "0:01:29"]
[BlackClock "0:00:41"]

1. d4 Nc6 2. c4 e5 3. d5 Nce7 4. Nc3 Ng6 5. e4 Bb4 6. Bd2 d6 7. Bd3 N8e7 8. Nge2 O-O 9. O-O f5 10. f3 Bc5+ 11. Kh1 a5 12. exf5 Nxf5 13. Ne4 Ne3 14. Bxe3 Bxe3 15. N4g3 Qh4 16. Bxg6 hxg6 17. Qd3 Qh6 18. Ne4 Kf7 19. f4 Rh8 20. h3 Bxh3 21. Ng5+ Qxg5 0-1


[Site "https://www.chess.com"]